 Dungeon Crawl Stone Soup version 0.25-a0-502-g6516661 (webtiles) character file.

Game seed: 17399584540538205504, levelgen mode: deterministic

49 Faca the Vandal (level 4, -1/30 HPs)
             Began as a Halfling Hunter on Feb 12, 2020.
             Slain by a centaur (5 damage)
             ... on level 2 of the Dungeon.
             The game lasted 00:02:58 (1722 turns).

Faca the Vandal (Halfling Hunter)                   Turns: 1722, Time: 00:02:59

Health: -1/30      AC:  6    Str: 14    XL:     4   Next: 1%
Magic:  4/4        EV: 13    Int:  9    God:
Gold:   22         SH:  0    Dex: 14    Spells: 3/3 levels left

rFire    . . .     SeeInvis .   b - +0 short sword
rCold    . . .     Gourm    .   (shield restricted)
rNeg     . . .     Faith    .   k - +1 ring mail
rPois    .         Spirit   .   (no helmet)
rElec    .         Reflect  .   (no cloak)
rCorr    .         Harm     .   (no gloves)
MR       .....                  (no boots)
Stlth    +.........             (no amulet)
HPRegen  0.10/turn              (no ring)
MPRegen  0.09/turn              (no ring)

@: no status effects
A: small, mutation resistance 1
a: no special abilities


You were on level 2 of the Dungeon.
You were not hungry.

You visited 1 branch of the dungeon, and saw 2 of its levels.

You collected 22 gold pieces.

Inventory:

Hand Weapons
 a - a +1 hunting sling
 b - a +0 short sword (weapon)
Missiles
 d - 56 sling bullets
 j - 4 stones (quivered)
Armour
 k - a +1 ring mail (worn)
Potions
 e - a potion of curing
 i - a potion of cancellation
Comestibles
 f - a ration


   Skills:
 + Level 2.5 Fighting
 + Level 2.0 Short Blades
 + Level 6.5 Slings
 - Level 2.1 Dodging
 - Level 1.1 Stealth


You had 3 spell levels left.
You didn't know any spells.
Your spell library was empty.

Dungeon Overview and Level Annotations

Branches:
Dungeon (2/15)

Altars:


Innate Abilities, Weirdness & Mutations

You are small and have problems with some larger weapons.
You are somewhat resistant to further mutation.


Message History

You hit the centaur but do no damage.
The centaur is heavily wounded.
The centaur hits you but does no damage.
You hit the centaur.
The centaur is heavily wounded.
The centaur hits you. The centaur barely misses you.
You hit the centaur.
The centaur is severely wounded.
The centaur hits you!
* * * LOW HITPOINT WARNING * * *
You barely miss the centaur.
The centaur is severely wounded.
The centaur misses you. The centaur barely misses you.
You hit the centaur.
The centaur is severely wounded.
The centaur hits you but does no damage.
You barely miss the centaur.
The centaur is severely wounded.
The centaur closely misses you. The centaur hits you.
You die...

################
...............
#.... ......#
#..####.....# .
#<.##.(††#
....##.##@####..
.........c.......#
......#.#.....##.#
......#.#.#.#....
..... #.#.#.###...
..... ....#.. ..
.... #+###### .
#...


You could see a centaur.

Vanquished Creatures
  An ooze (D:1)
  A worm (D:2)
  A dart slug (D:1)
  A leopard gecko (D:1)
  A giant cockroach (D:1)
  6 goblins (D:1)
  6 hobgoblins (D:1)
  5 jackals (D:1)
  3 kobolds (D:1)
  5 bats (D:1)
  A frilled lizard (D:1)
  5 rats
36 creatures vanquished.

Notes
Turn   | Place    | Note
-------+----------+-------------------------------------------
     0 | D:1      | Faca the Halfling Hunter began the quest for the Orb.
     0 | D:1      | Reached XP level 1. HP: 14/14 MP: 1/1
    85 | D:1      | Reached skill level 6 in Slings
    85 | D:1      | Reached XP level 2. HP: 4/19 MP: 2/2
   342 | D:1      | Reached skill level 1 in Short Blades
   708 | D:1      | Reached XP level 3. HP: 24/24 MP: 3/3
  1684 | D:2      | Reached XP level 4. HP: 23/30 MP: 4/4
  1711 | D:2      | Noticed a centaur
  1722 | D:2      | Slain by a centaur

Levels and vault maps discovered:
D:1:      minmay_arrival_nine_rooms, layout_basic
D:2:      lemuel_upstairs_altar, layout_basic, makhleb_blood_cavern_becter,
          nicolae_overflow_hidden_temple, minmay_box_of_dots, uniq_terence

Skill      XL: |  1  2  3 |
---------------+----------+-----
Fighting       | 2 |  2.5
Slings         | 6 |  6.5
Short Blades   | 1 2 |  2.0
Dodging        | |  2.1
Stealth        | |  1.1

Action                   |  1- 3 |  4- 6 || total
-------------------------+-------+-------++-------
Melee: Short sword       |   155 |    10 ||   165
  Use: Scroll            |     3 |       ||     3
 Stab: Sleeping          |     1 |       ||     1
  Eat: Chunk             |     3 |       ||     3
Armor: Leather armour    |    34 |       ||    34
       Ring mail         |     6 |     2 ||     8
Dodge: Dodged            |   128 |     6 ||   134

Table legend:
 A = Non-vault XP
 B = Vault XP
 C = Vault XP percentage of total XP
 D = Non-vault monster count
 E = Vault monster count
 F = Vault count percentage of total count
                 A         B        C        D         E       F
            +---------+---------+-------+---------+---------+-------
      Total |      70 |       0 |   0.0 |      36 |       0 |   0.0
            +---------+---------+-------+---------+---------+-------
        D:1 |      63 |       0 |   0.0 |      33 |       0 |   0.0
        D:2 |       7 |       0 |   0.0 |       3 |       0 |   0.0
            +---------+---------+-------+---------+---------+-------
